 Dungeon Crawl Stone Soup version 0.28-a0-95-g65e1ffefe4 (webtiles) character file.

Game seed: 2238387313252103507

32 Anathary the Skirmisher (level 3, -11/33 HPs)
             Began as a Draconian Berserker on Aug 8, 2021.
             Was a Believer of Trog.
             Mangled by a wyvern zombie (12 damage)
             ... on level 3 of the Dungeon.
             The game lasted 00:04:59 (1876 turns).

Anathary the Skirmisher (Draconian Berserker)       Turns: 1876, Time: 00:05:00

Health: -11/33     AC:  5    Str: 19    XL:     3   Next: 10%
Magic:  3/3        EV: 12    Int:  7    God:    Trog [**....]
Gold:   40         SH:  0    Dex: 11    Spells: 2/2 levels left

rFire   . . .      SeeInvis .   a - +0 hand axe
rCold   . . .      Faith    .   (no shield)
rNeg    . . .      Spirit   .   (armour unavailable)
rPois   .          Reflect  .   (helmet restricted)
rElec   .          Harm     .   (no cloak)
rCorr   .          Rampage  .   (no gloves)
Will    .....                   (no boots)
Stlth   +.........              (no amulet)
HPRegen 0.11/turn               (no ring)
MPRegen 0.08/turn               (no ring)

@: no status effects
A: AC +5, unfitting armour, cold-blooded
a: Renounce Religion, Berserk, Trog's Hand


You were on level 3 of the Dungeon.
You worshipped Trog.
Trog was pleased with you.
You visited 1 branch of the dungeon, and saw 3 of its levels.

You collected 40 gold pieces.

Inventory:

Hand Weapons
 a - a +0 hand axe (weapon)
Scrolls
 c - 2 scrolls of amnesia {unknown}
 e - 2 scrolls of teleportation {unknown}
 h - a scroll of magic mapping {unknown}
Potions
 b - a potion of invisibility {unknown}
 d - a potion of brilliance {unknown}
 f - 2 potions of heal wounds {unknown}
 g - 3 potions of curing {unknown}


   Skills:
 + Level 3.7 Fighting
 + Level 3.6 Axes
 + Level 3.0 Dodging


You had 2 spell levels left.
You didn't know any spells.
Your spell library was empty.

Dungeon Overview and Level Annotations

Branches:
Dungeon (3/15)

Altars:

Shops:
D:1 (


Innate Abilities, Weirdness & Mutations

Your plain brown scales are hard. (AC +5)
You cannot fit into any form of body armour.
You are cold-blooded and may be slowed by cold attacks.


Message History

You climb downwards.
A goblin and a zombie come into view.
Found a stone staircase leading down.
There is a stone staircase leading up here.
A rat and a hobgoblin come into view.
The goblin shouts!
The rat moves out of view.
The hobgoblin shouts!
The wyvern zombie bites you!
A dart slug comes into view.
The wyvern zombie closely misses you.
The goblin unwields a +0 club.
The goblin wields a +0 hunting sling.
The goblin shoots a stone.
The stone hits you but does no damage.
There are monsters nearby!
You hit the wyvern zombie but do no damage.
The wyvern zombie bites you. The wyvern zombie barely misses you.
You barely miss the wyvern zombie. You closely miss the rat.
The wyvern zombie bites you. The rat closely misses you.
The goblin shoots a stone.
The stone hits you.
You hit the wyvern zombie.
The wyvern zombie is lightly damaged.
You hit the rat but do no damage. You hit the hobgoblin but do no damage.
The wyvern zombie bites you!
* * * LOW HITPOINT WARNING * * *
The rat bites you but does no damage.
The hobgoblin hits you but does no damage.
The wyvern zombie closely misses you.
The goblin shoots a stone.
The stone hits you but does no damage.
You hit the wyvern zombie.
The wyvern zombie is lightly damaged.
You hit the hobgoblin. You closely miss the rat. The wyvern zombie bites you.
* * * LOW HITPOINT WARNING * * *
The rat closely misses you. The hobgoblin closely misses you.
The goblin shoots a stone.
The stone barely misses you.
The stone hits the hobgoblin.
The hobgoblin dies!
You hit the wyvern zombie. You tail-slap the wyvern zombie.
The wyvern zombie is lightly damaged.
You closely miss the rat. The wyvern zombie bites you!
You die...

#########
##.......##
##..♣...♣..##
#...........#
#.....♣.....#
#..<.....>..#
#.....♣.....#
#.....Z.....#
##..♣.@r♣..##
##.g.....##
#.....###.#
#...w#### ..
..#.## ##
#... #.# ..


You could see a dart slug, a wyvern zombie, a goblin and a rat.

Vanquished Creatures
  A dart slug (D:1)
  A bat (D:2)
  4 endoplasms
  3 giant cockroaches (D:1)
  A goblin (D:1)
  2 hobgoblins
  4 jackals (D:1)
  3 kobolds (D:1)
  A quokka (D:1)
  A ball python (D:1)
  A frilled lizard (D:2)
  3 rats
25 creatures vanquished.

Vanquished Creatures (others)
  A hobgoblin (D:3)
1 creature vanquished.

Grand Total: 26 creatures vanquished

Notes
Turn   | Place    | Note
-------+----------+-------------------------------------------
     0 | D:1      | Anathary the Draconian Berserker began the quest for the
                  | Orb.
     0 | D:1      | Reached XP level 1. HP: 19/19 MP: 1/1
   158 | D:1      | Found a faded altar of an unknown god.
   292 | D:1      | Reached XP level 2. HP: 10/26 MP: 2/2
   998 | D:1      | Found Suxaos's Antique Weapon Emporium.
  1353 | D:2      | Reached ** piety under Trog
  1412 | D:2      | Reached XP level 3. HP: 33/33 MP: 3/3
  1875 | D:3      | HP: 1/33 [wyvern zombie (5)]
  1876 | D:3      | Mangled by a wyvern zombie

Illustrated notes

Levels and vault maps discovered:
D:1:      dpeg_arrival_round_a, layout_loops_ring, serial_shops,
          nicolae_diamond_shop, hellmonk_ecumenical_altar_crossroads
D:2:      layout_basic, palyth_stone_intersect
D:3:      layout_rooms, kennysheep_big_empty_room, minmay_misc_feat_cross,
          grunt_ministairs_10, serial_bayou_pond_c, uniq_robin, uniq_ijyb

Skill      XL: |  1  2 |
---------------+-------+-----
Dodging        | 3 |  3.0
Fighting       | |  3.7
Axes           | |  3.6

Action                   || total
-------------------------++-------
Melee: Hand axe          ||    83
       Tailslap          ||    12
Armor: Skin              ||    33
Dodge: Dodged            ||    62

Table legend: (Time is in decaauts)
 A = Elapsed time spent in this place.
 B = Non-inter-level travel time spent in this place.
 C = Inter-level travel time spent in this place.
 D = Time resting spent in this place.
 E = Time spent auto-exploring this place.
 F = Levels seen in this place.
 G = Mean time per level.
                   A        B        C        D        E       F      G
               +--------+--------+--------+--------+--------+-----+--------+
         Total |   1887 |   1875 |     12 |    498 |   1062 |   3 |  629.0 |
       Dungeon |   1887 |   1875 |     12 |    498 |   1062 |   3 |  629.0 |
               +--------+--------+--------+--------+--------+-----+--------+

Top non-repeatable levels by time:
     D:1: 1297 daAuts
     D:2: 581 daAuts
     D:3: 8 daAuts
